 Dungeon Crawl Stone Soup version 0.18.1-5-g4a78601 (webtiles) character file.

297 oplop the Chiller (level 6, -6/54 HPs)
             Began as an Octopode Ice Elementalist on May 9, 2016.
             Killed by divine providence
             ... invoked by an orc priest
              (13 damage)
             ... on level 4 of the Dungeon.
             The game lasted 00:07:32 (3140 turns).

oplop the Chiller (Octopode Ice Elementalist)       Turns: 3140, Time: 00:07:33

Health: -6/54      AC: 28    Str:  7    XL:     6   Next: 35%
Magic:  9/11       EV:  2    Int: 25    God:
Gold:   177        SH:  4    Dex: 17    Spells: 3 memorised, 4 levels left

rFire  . . .     SeeInvis .     (no weapon)
rCold  . . .     Gourm    .     q - +0 buckler
rNeg   + + +     Faith    .     (helmet currently unavailable)
rPois  +         Spirit   .     (no amulet)
rElec  .         Dismiss  .     (no ring)
rCorr  .         Reflect  .     (no ring)
SustAt .         Harm     .     (no ring)
MR     .....     NoTele   +     (no ring)
Stlth  ++++......               (no ring)
                                (no ring)
                                (no ring)
                                (no ring)

@: brilliant, agile, icy armour, tree-form, very slightly contaminated, slow,
not resistant to hostile enchantments, stealthy
A: almost no armour, (amphibious), 8 rings, (constrict 8), (camouflage 0),
(gelatinous body 0)
a: no special abilities


You were on level 4 of the Dungeon.
You were hungry.
You were a tree.
You visited 1 branch of the dungeon, and saw 4 of its levels.

You collected 177 gold pieces.

Inventory:

Armour
 j - a +2 hat (melded)
 q - a +0 buckler (worn)
Jewellery
 p - an uncursed ring of poison resistance {unknown}
Wands
 r - a wand of flame (34/48)
Scrolls
 f - 6 scrolls of identify {unknown}
 g - 3 scrolls of remove curse {unknown}
 h - 2 scrolls of magic mapping {unknown}
 i - a scroll of fog {unknown}
 l - a scroll of recharging {unknown}
 m - a scroll of teleportation {unknown}
 o - a scroll of blinking {unknown}
 s - a scroll of amnesia {unknown}
 u - a scroll of noise {unknown}
Potions
 k - a potion of agility
Books
 a - a book of Frost

   Spells                             Type                      Level
   a - Freeze                         Ice                          1
   b - Throw Frost                    Conjuration/Ice              2
   c - Ozocubu's Armour               Charms/Ice                   3
   d - Throw Icicle                   Conjuration/Ice              4
   e - Summon Ice Beast               Ice/Summoning                4
Comestibles
 b - 5 bread rations
 d - a slice of pizza
 n - a beef jerky
 t - 4 chunks of flesh


   Skills:
 + Level 4.0 Dodging
 - Level 2.6 Stealth
 + Level 1.0 Shields
 + Level 3.8 Spellcasting
 - Level 1.0 Conjurations
 + Level 4.4 Ice Magic


You had 4 spell levels left.
You knew the following spells:

 Your Spells              Type           Power        Failure   Level  Hunger
a - Freeze                Ice            ####         1%          1    None
b - Ozocubu's Armour      Chrm/Ice       ####....     2%          3    ##.....
c - Throw Icicle          Conj/Ice       ####....     6%          4    ####...


Dungeon Overview and Level Annotations

Branches:
Dungeon (4/15)
 Temple: D:4-7

Altars:

Annotations:
D:4 Eustachio, Menkaure


Innate Abilities, Weirdness & Mutations

You cannot wear most types of armour.
((You are amphibious.))
You can wear up to eight rings at the same time.
((You can use your tentacles to constrict eight enemies at once.))
((Your skin changes colour to match your surroundings (Stealth).))
((Your rubbery body absorbs attacks (AC +1).))


Message History

The orc misses you.
Drink which item? (? for menu, Esc to quit)
It was a potion of brilliance.
You feel clever all of a sudden.
The orc priest miscasts a cantrip.
The orc barely misses you.
Drink which item? (? for menu, Esc to quit)
It was a potion of lignification.
You turn into a tree.
Your +2 hat melds into your body.
Your roots penetrate the ground.
The orc barely misses you.
Your shield prevents you from hitting the orc.
You hit the orc.
The orc is heavily wounded.
The orc hits you but does no damage.
You are feeling hungry.
You closely miss the orc.
The orc is heavily wounded.
The orc priest mumbles some strange prayers to Beogh against you.
Beogh smites you!
You die...

.. #......#
#.........# #
#.###........######.#
#. ######... #.#####
#. ##### #...... #.
####### ########### #
#..♣oo..... #
##.######## # #.# #
#.# # #.# # #.# # #.#
# #.######### #
#.........# #####


You could see an orc priest and an orc.

Vanquished Creatures
  An ogre (D:4)
  A howler monkey (D:3)
  A worker ant zombie (D:3)
  8 adders
  An adder zombie (D:3)
  2 adder skeletons (D:3)
  A worm (D:2)
  A dart slug (D:1)
  A giant gecko (D:2)
  3 orcs
  9 bats
  A giant cockroach (D:1)
  5 goblins
  8 hobgoblins
  6 jackals
  6 kobolds
  3 quokkas
  2 giant newts (D:3)
  2 quokka skeletons (D:3)
  12 rats
74 creatures vanquished.

Notes
Turn   | Place    | Note
--------------------------------------------------------------
     0 | D:1      | oplop the Octopode Ice Elementalist began the quest for the Orb.
     0 | D:1      | Reached XP level 1. HP: 11/11 MP: 3/3
   416 | D:1      | Reached XP level 2. HP: 17/17 MP: 5/5
  1021 | D:1      | Reached XP level 3. HP: 21/21 MP: 6/6
  1651 | D:2      | Reached XP level 4. HP: 9/27 MP: 7/7
  2193 | D:3      | Learned a level 3 spell: Ozocubu's Armour
  2471 | D:3      | Reached XP level 5. HP: 24/31 MP: 9/9
  2856 | D:3      | Learned a level 4 spell: Throw Icicle
  2889 | D:4      | Noticed Eustachio
  2889 | D:4      | Noticed Menkaure
  2925 | D:4      | Noticed an ogre
  3013 | D:4      | Killed an ogre
  3013 | D:4      | Reached skill level 1 in Shields
  3013 | D:4      | Reached XP level 6. HP: 22/36 MP: 3/11
  3140 | D:4      | Killed from afar by an orc priest

Skill      XL: |  1  2  3  4  5 |
---------------+----------------+-----
Dodging        | 3 4 |  4.0
Spellcasting   | 3 |  3.8
Ice Magic      | 4 |  4.4
Shields        | 1 |  1.0
Stealth        | |  2.6
Conjurations   | |  1.0

Action                   |  1- 3 |  4- 6 || total
-------------------------+-------+-------++-------
Melee: Unarmed           |   110 |   140 ||   250
       Constrict         |    27 |    32 ||    59
       Tentacles         |    15 |    21 ||    36
 Cast: Freeze            |     6 |    23 ||    29
       Ozocubu's Armour  |       |     1 ||     1
  Use: Potion            |       |     3 ||     3
 Stab: Sleeping          |     6 |     3 ||     9
  Eat: Chunk             |     2 |     5 ||     7
Armor: Skin              |     9 |    28 ||    37
Dodge: Dodged            |    61 |   119 ||   180
Block: Buckler           |       |     4 ||     4
